 Dungeon Crawl Stone Soup version 0.30-a0-800-g7c544603b3 (webtiles) character file.

Game seed: 6597883189919395354

608 dialectric the Slasher (level 7, -3/37 HPs)
             Began as a Vine Stalker Fighter on Feb 22, 2023.
             Was an Initiate of Yredelemnul.
             Slain by Duvessa
             ... wielding a +0 rapier
              (18 damage)
             ... on level 5 of the Dungeon.
             The game lasted 00:05:07 (3236 turns).

dialectric the Slasher (Vine Stalker Fighter)       Turns: 3236, Time: 00:05:08

Health: -3/37      AC: 12    Str: 20    XL:     7   Next: 43%
Magic:  0/8        EV: 15    Int:  8    God:    Yredelemnul [......]
Gold:   289        SH:  0    Dex: 14    Spells: 6/6 levels left

rFire   . . .      SeeInvis .    a - +1 long sword
rCold   . . .      Faith    .    (no shield)
rNeg    . . .      Spirit   +    b - +0 scale mail
rPois   .          Reflect  .    (no helmet)
rElec   .          Harm     .    (no cloak)
rCorr   .          Rampage  .    (no gloves)
Will    .....                    g - +0 pair of boots Stlth
                                 (no amulet)
HPRegen 1.06/turn                j - +4 ring of protection
MPRegen 0.11/turn                A - +5 ring of evasion

@: lit by a corona, about to teleport, glowing
A: fangs 2, regeneration 1, magic shield, antimagic bite, no potion heal 2
a: Renounce Religion, Recall Undead Harvest


You were on level 5 of the Dungeon.
You worshipped Yredelemnul.
Yredelemnul was noncommittal.
You visited 1 branch of the dungeon, and saw 5 of its levels.
You also visited: Sewer.

You collected 289 gold pieces.

Inventory:

Hand Weapons
 a - a +1 long sword (weapon)
Armour
 b - a +0 scale mail (worn)
 c - a +0 buckler
 g - a +0 pair of boots (worn)
Jewellery
 j - a +4 ring of protection (left hand)
 k - a ring of protection from cold
 A - a +5 ring of evasion (right hand)
Wands
 l - a wand of paralysis (14)
 y - a wand of roots (3)
Scrolls
 f - 2 scrolls of teleportation
 i - a scroll of poison {unknown}
 m - 2 scrolls of acquirement {unknown}
 o - 2 scrolls of amnesia {unknown}
 p - 2 scrolls of fear {unknown}
 q - a scroll of magic mapping {unknown}
 r - a scroll of enchant weapon
 s - 3 scrolls of silence {unknown}
 t - a scroll of identify {unknown}
 w - a scroll of noise {unknown}
 z - 2 scrolls of enchant armour {unknown}
 B - a scroll of blinking {unknown}
 C - a scroll of vulnerability {unknown}
Potions
 d - a potion of might
 e - a potion of degeneration {unknown}
 h - 2 potions of curing {unknown}
 n - 2 potions of lignification {unknown}
 u - 5 potions of haste {unknown}
 v - 2 potions of brilliance {unknown}
 x - a potion of resistance {unknown}


   Skills:
 * Level 4.0 Fighting
 * Level 5.2 Long Blades
 + Level 4.2 Armour
 + Level 0.6 Dodging
 + Level 0.9 Stealth
 - Level 2.6 Shields


You had 6 spell levels left.
You didn't know any spells.
Your spell library contained the following spells:

 Spells                   Type           Power      Damage    Failure   Level
 Blink                    Tloc           0%         N/A       87%         2
 Lesser Beckoning         Tloc           0%         N/A       87%         2
 Momentum Strike          Conj/Tloc      0%         3d8       87%         2
 Scorch                   Fire           0%         2d5       87%         2
 Flame Wave               Conj/Fire      0%         2d4       100%        4
 Summon Cactus Giant      Summ           0%         N/A       100%        6


Dungeon Overview and Level Annotations

Branches:
Dungeon (5/15)              Sewer (visited)
 Temple: D:4-7

Altars:
Dithmenos
Vehumet
Yredelemnul

Shops:
D:1 :   D:4 [

Annotations:
D:5 Duvessa


Innate Abilities, Weirdness & Mutations

You have extremely sharp teeth.
Your natural rate of healing is unusually fast.
When hurt, damage is shared between your health and your magic reserves.
Your bite disrupts and absorbs the magic of your enemies.
Potions cannot restore your health.


Message History

The roots erupt in riotous growth!
Roots grab Dowan.
The grasping roots constrict Dowan!
You hear a shout! x3
Dowan struggles to escape constriction.
The grasping roots constrict Dowan.
The roots release their grip on Dowan.
Dowan casts a spell.
Dowan blinks!
Aiming: Fastroot
Press: ? - help, Shift-Dir - straight line, f/p - Dowan
Aim: Dowan, wielding a +0 dagger and wearing a +0 robe (heavily wounded)
The roots erupt in riotous growth!
Roots grab Dowan.
The grasping roots constrict Dowan.
You hear a shout!
Dowan struggles to escape constriction.
Unknown command.
The grasping roots constrict Dowan.
Dowan escapes!
Duvessa shouts!
Dowan closely misses you.
You barely miss Dowan.
Dowan is severely wounded.
Dowan casts a spell at Duvessa.
Duvessa seems to speed up.
You slash Dowan!
You kill Dowan!
Duvessa screams, "No!
How DARE you!"
Duvessa goes berserk!
Your Armour skill increases to level 4!
Duvessa closely misses you.
Things that are here:
a +0 dagger; a +0 robe You closely miss Duvessa.
You bite Duvessa, but do no damage.
Duvessa is lightly wounded.
Duvessa barely misses you. Duvessa hits you with a +0 rapier!
Duvessa attacks as you move away! Duvessa hits you with a +0 rapier!
As you read the scroll of teleportation, it crumbles to dust.
You feel strangely unstable. Duvessa hits you with a +0 rapier!!
You die...
Your body rises from the dead as a mindless zombie.

#.........
########.........
#................
#<).............. #
#................
#'#########................
...........................
...........######......###
..........@# #......#
..........e# #......#
...........######......#
....####'#............. ...
#....#...........
#....#...........
#....#...........
#....#...........
+....#...........


You could see Duvessa (berserk, fast).

Vanquished Creatures
  2 scorpions
  Dowan (D:5)
  2 hounds (D:4)
  2 jellies (D:4)
  An iguana (D:4)
  Natasha (thrice) (D:3)
  A hell rat (Sewer)
  A river rat (Sewer)
  9 adders
  A worm (D:4)
  A dart slug (D:1)
  10 orcs
  5 bats
  8 endoplasms
  A giant cockroach (D:3)
  4 hobgoblins
  2 jackals (D:4)
  14 kobolds
  5 quokkas
  11 ball pythons
  3 frilled lizards
  4 goblins
  13 rats
104 creatures vanquished.

Vanquished Creatures (others)
  A fungus (D:3)
  2 plants (D:3)
3 creatures vanquished.

Grand Total: 107 creatures vanquished

Notes
Turn   | Place    | Note
-------+----------+-------------------------------------------
     0 | D:1      | dialectric the Vine Stalker Fighter began the quest for the
                  | Orb.
     0 | D:1      | Reached XP level 1. HP: 11/11 MP: 2/2
    93 | D:1      | Reached skill level 2 in Long Blades
   150 | D:1      | Reached XP level 2. HP: 16/16 MP: 3/3
   189 | D:1      | Found Toxkuergh's Book Emporium.
   447 | D:1      | Reached XP level 3. HP: 20/20 MP: 4/4
  1188 | D:2      | Gained mutation: Your natural rate of healing is unusually
                  | fast. [Vine Stalker growth]
  1188 | D:2      | Reached XP level 4. HP: 21/24 MP: 3/5
  1551 | D:3      | Found a faded altar of an unknown god.
  1572 | D:3      | Noticed Natasha
  1578 | D:3      | Killed Natasha
  1579 | D:3      | Reached skill level 3 in Long Blades
  1579 | D:3      | Reached XP level 5. HP: 21/28 MP: 3/6
  1677 | D:3      | Found a shadowy altar of Dithmenos.
  1879 | D:3      | Noticed Natasha
  1889 | D:3      | Killed Natasha
  1936 | D:3      | Noticed Natasha
  1945 | D:3      | Killed Natasha
  2077 | D:3      | Found a glowing drain.
  2082 | Sewer    | Entered a sewer
  2119 | Sewer    | Reached skill level 4 in Long Blades
  2119 | Sewer    | Reached XP level 6. HP: 32/32 MP: 7/7
  2362 | D:4      | Found a basalt altar of Yredelemnul.
  2465 | D:4      | Found Oprakep's Armour Emporium.
  2711 | D:4      | Reached XP level 7. HP: 36/37 MP: 6/8
  2802 | D:4      | Found a radiant altar of Vehumet.
  3055 | D:5      | Entered Level 5 of the Dungeon
  3055 | D:5      | Noticed Duvessa
  3055 | D:5      | Noticed Dowan
  3063 | D:4      | Reached skill level 5 in Long Blades
  3141 | D:4      | Became a worshipper of Yredelemnul the Dark
  3232 | D:5      | Killed Dowan
  3236 | D:5      | Slain by Duvessa

Illustrated notes

Levels and vault maps discovered:
D:1:      saegor_arrival_under_anarchy, layout_basic, serial_shops,
          nicolae_shop_waterfront
D:2:      layout_rooms
D:3:      layout_rooms, mainiacjoe_overflow_brackets, gup_sewer_entry_spiral,
          dreamdust_ecumenical_altar_grove, uniq_natasha
D:4:      layout_basic, mainiacjoe_overflow_small_starburst,
          nicolae_vehumet_altar_sigil, serial_shops,
          nicolae_shop_advertising_works [nicolae_subvault_shop_adworks]
D:5:      layout_gridville, minmay_temple_entry_mini_moons, uniq_ijyb,
          uniq_duvessa

Skill      XL: |  1  2  3  4  5  6  7 |
---------------+----------------------+-----
Long Blades    | 2 3 4 5 |  5.2
Fighting       | 3 4 |  4.0
Armour         | 3 4 |  4.2
Dodging        | |  0.6
Stealth        | |  0.9
Shields        | |  2.6

Action                     |  1- 3 |  4- 6 |  7- 9 || total
---------------------------+-------+-------+-------++-------
  Melee: Long sword        |    98 |   148 |    47 ||   293
         Bite              |    16 |    26 |    14 ||    56
         Punch             |       |     2 |       ||     2
  Evoke: Wand              |       |       |     2 ||     2
    Use: Scroll            |     1 |     1 |     1 ||     3
         Potion            |       |     1 |       ||     1
 Armour: Scale mail        |    47 |    89 |    25 ||   161
  Dodge: Dodged            |    61 |    54 |    44 ||   159

Table legend: (Time is in decaauts)
 A = Elapsed time spent in this place.
 B = Non-inter-level travel time spent in this place.
 C = Inter-level travel time spent in this place.
 D = Time resting spent in this place.
 E = Time spent auto-exploring this place.
 F = Levels seen in this place.
 G = Mean time per level.
                   A        B        C        D        E       F      G
               +--------+--------+--------+--------+--------+-----+--------+
         Total |   3370 |   3188 |    182 |      0 |   2199 |   6 |  561.7 |
       Dungeon |   3276 |   3094 |    182 |      0 |   2156 |   5 |  655.2 |
         Sewer |     94 |     94 |      0 |      0 |     42 |   1 |   94.0 |
               +--------+--------+--------+--------+--------+-----+--------+

Top non-repeatable levels by time:
     D:1: 1029 daAuts
     D:4: 995 daAuts
     D:3: 641 daAuts
     D:2: 510 daAuts
     D:5: 100 daAuts
   Sewer: 94 daAuts
